 Dungeon Crawl Stone Soup version 0.23.2-1-ga50397a6bc (webtiles) character file.

Game seed: 11817237218288546000

59507 Kobolds4U the Spry (level 14, -3/70 HPs)
             Began as a Spriggan Assassin on May 31, 2019.
             Was the Champion of Okawaru.
             Slain by a dire elephant (20 damage)
             ... on level 6 of the Lair of Beasts.
             The game lasted 01:27:43 (25062 turns).

Kobolds4U the Spry (Spriggan Assassin)             Turns: 25062, Time: 01:27:44

Health: -3/70      AC: 16    Str:  9    XL:     14   Next: 53%
Magic:  0/24       EV: 32    Int: 13    God:    Okawaru [******]
Gold:   858        SH:  0    Dex: 26    Spells: 16/26 levels left

rFire    + . .     SeeInvis +   d - +2 dagger (drain)
rCold    + + .     Gourm    .   (shield restricted)
rNeg     . . .     Faith    .   S - +5 swamp dragon scales "Lonuas" {rPois rC+ Str+2}
rPois    +         Spirit   +   X - +2 hat
rElec    .         Reflect  .   j - scarf {rC+ rF+}
rCorr    +         Harm     .   (gloves unavailable)
MR       ++...                  (boots unavailable)
Stlth    ++++++....             x - amulet of guardian spirit
HPRegen  0.21/turn              B - ring of resist corrosion
MPRegen  0.19/turn              N - +4 ring of dexterity

@: very quick
A: very small, unfitting armour, see invisible, herbivore, speed 3, slow
metabolism 2
a: Heroism, Finesse, Renounce Religion


You were on level 6 of the Lair of Beasts.
You worshipped Okawaru.
Okawaru was exalted by your worship.
You were very hungry.

You visited 3 branches of the dungeon, and saw 20 of its levels.

You collected 1168 gold pieces.
You spent 310 gold pieces at shops.

Inventory:

Hand Weapons
 a - the +5 quick blade of Ify Pop {pierce, Int+3}
   (You acquired it on level 8 of the Dungeon)

   It inflicts extra damage upon your enemies.
   It affects your intelligence (+3).
 b - a +0 blowgun
 c - a +5 rapier of venom
 d - a +2 dagger of draining (weapon)
 q - the +5 quick blade "Gusuicryeng" {holy, rPois rN+}
   (Okawaru gifted it to you on level 12 of the Dungeon)

   It has been blessed by the Shining One to cause great damage to the undead
   and demons.
   It protects you from poison.
   It protects you from negative energy.
Missiles
 u - 316 arrows
 v - 5 needles of frenzy
 C - 3 throwing nets (quivered)
 F - 6 needles of confusion
 H - 50 poisoned needles
Armour
 j - a scarf of resistance (worn)
 O - a +2 robe of cold resistance
 S - the +5 swamp dragon scales "Lonuas" (worn) {rPois rC+ Str+2}
   (Okawaru gifted it to you on level 11 of the Dungeon)

   It affects your strength (+2).
   It protects you from cold.
   It protects you from poison.
 T - the +3 swamp dragon scales of Veyr {rPois rF+ Int+3}
   (Okawaru gifted it to you on level 4 of the Lair of Beasts)

   It affects your intelligence (+3).
   It protects you from fire.
   It protects you from poison.
 U - a +2 robe of magic resistance
 X - a +2 hat (worn)
Jewellery
 x - an amulet of guardian spirit (around neck)
 B - a ring of resist corrosion (left hand)
 G - an uncursed ring of stealth
 J - an uncursed ring of magical power
 N - a +4 ring of dexterity (right hand)
 V - an uncursed ring of protection from fire
Wands
 z - a wand of digging (6)
 E - a wand of flame (11)
 I - a wand of polymorph (8)
 Q - a wand of acid (7)
 W - a wand of scattershot (3)
 Y - a wand of paralysis (30)
Scrolls
 e - a scroll of identify
 i - 7 scrolls of remove curse
 k - 3 scrolls of enchant weapon
 m - 3 scrolls of fear
 n - 2 scrolls of magic mapping
 o - 8 scrolls of teleportation
 t - a scroll of fog
 w - 5 scrolls of blinking
 y - 3 scrolls of enchant armour
Potions
 f - 2 potions of lignification
 h - 11 potions of curing
 l - 5 potions of might
 p - 7 potions of heal wounds
 r - 2 potions of ambrosia
 s - 3 potions of mutation
 A - 4 potions of flight
 D - 3 potions of magic
 L - a potion of agility
 P - a potion of brilliance
 R - 2 potions of berserk rage
Miscellaneous
 K - a sack of spiders
Comestibles
 g - 25 rations


   Skills:
 - Level 6.3 Fighting
 - Level 10.8 Short Blades
 - Level 2.0 Throwing
 + Level 6.7 Armour
 - Level 16.6 Dodging
 - Level 15.0 Stealth
 + Level 6.6 Spellcasting
 - Level 8.0 Hexes
 - Level 5.0 Ice Magic
 * Level 6.6 Invocations
 - Level 10.0 Evocations


You had 16 spell levels left.
You knew the following spells:

 Your Spells              Type           Power        Failure   Level  Hunger
a - Confuse               Hex            ####....     4%          3    ###....
b - Slow                  Hex            ####....     2%          2    #......
c - Metabolic Englaciati  Hex/Ice        ###.......   58%         5    ######.

Your spell library contained the following spells:

 Spells                   Type           Power        Failure   Level  Hunger
 Confusing Touch          Hex            ####..       1%          1    None
 Inner Flame              Hex/Fire       ##......     22%         3    ###....
 Beastly Appendage        Tmut           #.....       36%         1    None
 Flame Tongue             Conj/Fire      #....        36%         1    None
 Magic Dart               Conj           #...         36%         1    None
 Blink                    Tloc           N/A          52%         2    #......
 Call Imp                 Summ           #.......     52%         2    #......
 Sticks to Snakes         Tmut           #.......     52%         2    #......
 Throw Flame              Conj/Fire      #.....       52%         2    #......
 Conjure Flame            Conj/Fire      #.......     75%         3    ###....
 Gell's Gravitas          Tloc           #.........   75%         3    ###....
 Mephitic Cloud           Conj/Pois/Air  #.......     75%         3    ###....
 Spider Form              Tmut/Pois      #.........   75%         3    ###....
 Ice Form                 Ice/Tmut       ##......     80%         4    ####...
 Yara's Violent Unravell  Hex/Tmut       ##........   91%         5    ######.
 Petrify                  Tmut/Erth      #.......     98%         4    ####...
 Sticky Flame             Conj/Fire      #.......     98%         4    ####...
 Blade Hands              Tmut           #.........   100%        5    ######.
 Fireball                 Conj/Fire      #.........   100%        5    ######.


Dungeon Overview and Level Annotations

Branches:
Dungeon (13/15)            Temple (1/1) D:7            Lair (6/6) D:11
 Shoals (0/4) Lair:2        Snake (0/4) Lair:3        Slime (0/5) Lair:5
    Orc (0/2) D:9
 Vaults: D:13-14

Altars:
Ashenzari
Cheibriados
Dithmenos
Elyvilon
Fedhas
Gozag
Hepliaklqana
Kikubaaqudgha
Makhleb
Nemelex Xobeh
Okawaru
Qazlal
Ru
Sif Muna
Trog
Uskayaw
Vehumet
Wu Jian
Xom
Yredelemnul
Zin
The Shining One

Shops:
D:7 %   D:8 ?   D:9 (

Annotations:
D:8 3 runed translucent doors, voshxx's ghost, novice GrFi
D:9 2 transporters, Alannah's ghost, novice DsGl
D:13 Frances
Lair:3 exclusion: oklob plant
Lair:6 1 runed translucent door, vev's ghost, journeyman KoEE


Innate Abilities, Weirdness & Mutations

You are very small and have problems with some larger weapons.
You are too small for most types of armour.
You have supernaturally acute eyesight. (SInv)
You are a herbivore.
You cover ground extremely quickly.
You need to consume almost no food.


Message History

Okawaru accepts your kill. The dire elephant misses you.
The dire elephant closely misses you.
You hit the dire elephant but do no damage.
You drain the dire elephant.
The dire elephant is severely wounded.
You hit the dire elephant. You drain the dire elephant.
The dire elephant is severely wounded.
The dire elephant tramples you!
You hold your ground!
The dire elephant misses you. The dire elephant tramples you!
* * * LOW HITPOINT WARNING * * *
You hold your ground!
The dire elephant misses you.
You hit the dire elephant but do no damage.
You drain the dire elephant.
The dire elephant is severely wounded.
You hit the dire elephant but do no damage.
You drain the dire elephant.
The dire elephant is almost dead.
The dire elephant closely misses you. The dire elephant barely misses you.
The dire elephant tramples you!!
You die...

...#..#..........##.##Y.####
................###.#P(.#
...............♣#...#8(8#
.P...........#.##.####'##
P......##.PP#..#..#≈..P##
........#......#.##≈≈†..#
........#..P#..#.#≈≈≈≈≈≈#
............P..#Y#.≈≈≈≈≈#
......##.......#@##.≈≈≈##
...............#Y####''#
.......#.......#.8##....
.......##......'...#....#
...............'.⌠.#....#
#.....PPP......'...#($)[#
...............#.8###=|##
.......#.......#.#######
.........#.....#.##....##


You could see 2 dire elephants.

Vanquished Creatures
  Gastronok (D:10)
  2 entropy weavers (Lair:5)
  A dire elephant (Lair:6)
  Josephine (Lair:4)
  6 hydras
  An ogre mage (D:13)
  A catoblepas (Lair:5)
  Erica (D:10)
  2 two-headed ogres (D:11)
  An anaconda (Lair:6)
  A centaur warrior (D:13)
  2 death knights (D:12)
  A queen ant (Lair:6)
  Urug (D:10)
  Nergalle (D:10)
  2 ugly things
  A cyclops (D:12)
  Maurice (D:11)
  7 elephants (Lair:6)
  A manticore (D:12)
  2 gargoyles
  6 black mambas
  10 spiny frogs
  3 centaur skeletons
  2 rime drakes
  4 komodo dragons
  Prince Ribbit (D:6)
  4 hornets
  A troll (D:13)
  A merfolk (Lair:2)
  Grinder (D:5)
  4 dream sheep (Lair:4)
  4 slime creatures (D:12)
  18 blink frogs
  6 hippogriffs
  Sigmund (D:3)
  A vampire (D:11)
  37 yaks
  A wyvern (Lair:6)
  4 wraiths
  Eustachio (D:6)
  4 basilisks
  2 vampire mosquitoes (D:12)
  Edmund (D:5)
  A hungry ghost (D:8)
  24 soldier ants (Lair:6)
  20 water moccasins
  4 porcupines
  Duvessa (D:4)
  5 orc warriors
  A necrophage (D:5)
  6 ice beasts
  4 phantoms
  2 black bears
  2 sky beasts
  3 ogres
  20 wolves
  14 centaurs
  10 crocodiles
  2 big kobolds
  16 bullfrogs
  3 gnoll sergeants (D:9)
  A wyvern zombie (D:8)
  9 killer bees
  Dowan (D:4)
  4 scorpions
  5 wights (D:6)
  4 electric eels
  4 howler monkeys
  2 centaur zombies
  2 crimson imps
  2 bullfrog skeletons
  4 hounds
  Crazy Yiuf (D:5)
  16 jellies
  A quasit (D:9)
  2 gnoll shamans (D:9)
  5 orc priests
  11 orc wizards
  25 worker ants
  9 iguanas
  A hound zombie (D:6)
  A hound skeleton (D:4)
  19 gnolls
  22 adders
  A shadow imp (D:6)
  10 oozes
  4 adder skeletons
  An adder zombie (D:6)
  3 worms
  3 dart slugs
  6 leopard geckos
  36 orcs
  7 bats
  11 giant cockroaches
  13 goblins
  12 hobgoblins
  13 jackals
  19 kobolds
  A quokka (D:5)
  3 ball pythons
  6 frilled lizards
  A leopard gecko skeleton (D:4)
  4 rats
  3 plants (Lair:6)
600 creatures vanquished.

Vanquished Creatures (collateral kills)
  Robin (D:3)
  2 hobgoblins (D:3)
3 creatures vanquished.

Vanquished Creatures (others)
  A goblin (D:3)
  A bush (Lair:6)
  9 fungi
  9 plants
20 creatures vanquished.

Grand Total: 623 creatures vanquished

Notes
Turn   | Place    | Note
-------+----------+-------------------------------------------
     0 | D:1      | Kobolds4U the Spriggan Assassin began the quest for the
                  | Orb.
     0 | D:1      | Reached XP level 1. HP: 10/10 MP: 2/2
   115 | D:1      | Reached skill level 2 in Dodging
   138 | D:1      | Reached XP level 2. HP: 10/15 MP: 3/3
   669 | D:1      | Reached XP level 3. HP: 17/18 MP: 4/4
  1505 | D:2      | Reached XP level 4. HP: 23/23 MP: 5/5
  1554 | D:2      | Found a blossoming altar of Fedhas.
  1674 | D:2      | Reached skill level 5 in Short Blades
  2465 | D:3      | Noticed Robin
  2481 | D:3      | Reached XP level 5. HP: 19/26 MP: 6/6
  2491 | D:3      | Killed Robin
  2842 | D:3      | Found a hide-covered altar of Uskayaw.
  2844 | D:3      | Found a burning altar of Makhleb.
  2867 | D:3      | Noticed Sigmund
  2893 | D:3      | Killed Sigmund
  2893 | D:3      | Reached XP level 6. HP: 29/30 MP: 7/7
  3018 | D:3      | You fall through a shaft for 2 floors!
  3018 | D:5      | Entered Level 5 of the Dungeon
  3023 | D:5      | Noticed an ice beast
  3028 | D:5      | Killed an ice beast
  3057 | D:4      | Noticed a sky beast
  3059 | D:4      | Killed a sky beast
  3059 | D:4      | Reached skill level 3 in Dodging
  3117 | D:4      | Reached XP level 7. HP: 35/35 MP: 8/8
  3723 | D:4      | Reached skill level 4 in Dodging
  3933 | D:4      | Noticed Dowan
  3934 | D:4      | Noticed Duvessa
  4098 | D:4      | Killed Dowan
  4274 | D:4      | Killed Duvessa
  4276 | D:4      | HP: 1/35 [poisoned by Duvessa]
  4550 | D:4      | Reached skill level 5 in Dodging
  4728 | D:5      | Reached XP level 8. HP: 21/39 MP: 5/9
  4904 | D:5      | Noticed Edmund
  4904 | D:5      | Noticed Grinder
  4936 | D:5      | Killed Edmund
  4936 | D:5      | Reached skill level 6 in Dodging
  5045 | D:5      | Killed Grinder
  5045 | D:5      | Reached skill level 10 in Short Blades
  5076 | D:5      | Reached skill level 7 in Dodging
  5324 | D:5      | Reached skill level 8 in Dodging
  5424 | D:5      | Found a runed translucent door.
  5425 | D:5      | Noticed Crazy Yiuf
  5741 | D:5      | Reached skill level 9 in Dodging
  6072 | D:5      | Found a glowing golden altar of the Shining One.
  6112 | D:5      | Killed Crazy Yiuf
  6200 | D:6      | Found a sacrificial altar of Ru.
  6241 | D:6      | Reached skill level 10 in Dodging
  6438 | D:6      | Reached XP level 9. HP: 35/42 MP: 7/10
  6563 | D:6      | Reached skill level 11 in Dodging
  6979 | D:6      | Noticed Eustachio
  6995 | D:6      | Killed Eustachio
  7251 | D:6      | Reached skill level 12 in Dodging
  7430 | D:6      | Noticed Prince Ribbit
  7433 | D:6      | Killed Prince Ribbit
  7758 | D:7      | Reached skill level 13 in Dodging
  7914 | D:7      | Found Woem's Food Boutique.
  8014 | D:7      | Found a staircase to the Ecumenical Temple.
  8090 | Temple   | Entered the Ecumenical Temple
  8187 | Temple   | Became a worshipper of Warmaster Okawaru
  8770 | D:8      | Reached XP level 10. HP: 49/49 MP: 11/11
  8821 | D:8      | Found Cetithi's Magic Scroll Shoppe.
  8895 | D:8      | Found a runed translucent gate.
  8895 | D:8      | Found a runed translucent gate.
  8895 | D:8      | Found an opulent altar of Gozag.
  8895 | D:8      | Found a runed translucent gate.
  8897 | D:8      | Noticed voshxx's ghost (novice GrFi)
  8940 | D:8      | Reached skill level 14 in Dodging
  9080 | D:8      | Bought a scroll of enchant weapon for 97 gold pieces
  9080 | D:8      | Bought a scroll of identify for 26 gold pieces
  9080 | D:8      | Bought a scroll of immolation for 45 gold pieces
  9080 | D:8      | Bought a scroll of torment for 97 gold pieces
  9080 | D:8      | Bought a scroll of fear for 45 gold pieces
  9080 | D:8      | Identified a scroll of acquirement
  9082 | D:8      | Got a crude quick blade
  9083 | D:8      | Identified the +5 quick blade of Ify Pop {pierce, Int+3}
                  | (You acquired it on level 8 of the Dungeon)
  9161 | D:8      | Reached * piety under Okawaru
  9456 | D:9      | Found a staircase to the Orcish Mines.
  9972 | D:9      | Reached skill level 1 in Invocations
 10557 | D:9      | Reached ** piety under Okawaru
 10560 | D:9      | Found a transporter.
 10561 | D:9      | Noticed Alannah's ghost (novice DsGl)
 10575 | D:9      | Found a transporter.
 10579 | D:9      | Noticed a moth of wrath
 10633 | D:9      | Found a white marble altar of Elyvilon.
 10699 | D:9      | Found Temu's Antique Weapon Emporium.
 10835 | D:10     | Entered Level 10 of the Dungeon
 11061 | D:10     | Noticed Gastronok
 11107 | D:10     | Killed Gastronok
 11107 | D:10     | Reached *** piety under Okawaru
 11107 | D:10     | Reached skill level 10 in Stealth
 11285 | D:10     | Noticed Urug
 11287 | D:10     | Killed Urug
 11287 | D:10     | Reached XP level 11. HP: 52/52 MP: 16/16
 11353 | D:10     | Noticed Erica
 11384 | D:10     | Killed Erica
 11384 | D:10     | Reached **** piety under Okawaru
 12086 | D:10     | Noticed Nergalle
 12124 | D:10     | Killed Nergalle
 12124 | D:10     | Reached skill level 1 in Spellcasting
 12262 | D:11     | Noticed a purple ugly thing
 12265 | D:11     | Killed a purple ugly thing
 12279 | D:11     | Noticed a two-headed ogre
 12291 | D:11     | Killed a two-headed ogre
 12291 | D:11     | Reached ***** piety under Okawaru
 12291 | D:11     | Reached skill level 5 in Evocations
 12394 | D:11     | Noticed a two-headed ogre
 12434 | D:11     | Killed a two-headed ogre
 12536 | D:11     | Received a gift from Okawaru
 12537 | D:11     | Got bloodstained swamp dragon scales {god gift}
 12549 | D:11     | Identified the +5 swamp dragon scales "Lonuas" {rPois rC+
                  | Str+2} (Okawaru gifted it to you on level 11 of the
                  | Dungeon)
 12554 | D:11     | Found a staircase to the Lair.
 12763 | D:11     | Noticed Maurice
 12790 | D:11     | Killed Maurice
 12813 | D:11     | Noticed a five-headed hydra
 12820 | D:11     | Killed a five-headed hydra
 12878 | D:11     | Reached skill level 5 in Fighting
 13362 | D:12     | Reached XP level 12. HP: 60/60 MP: 20/20
 13635 | D:12     | Noticed a death knight
 13655 | D:12     | Noticed a four-headed hydra
 13663 | D:12     | Killed a four-headed hydra
 13663 | D:12     | Reached skill level 10 in Evocations
 13823 | D:12     | Killed a death knight
 14025 | D:12     | Noticed a death knight
 14051 | D:12     | Killed a death knight
 14051 | D:12     | Reached skill level 1 in Armour
 14131 | D:12     | Received a gift from Okawaru
 14142 | D:12     | Got a warped quick blade {god gift}
 14143 | D:12     | Identified the +5 quick blade "Gusuicryeng" {holy, rPois
                  | rN+} (Okawaru gifted it to you on level 12 of the Dungeon)
 14438 | D:13     | Noticed an ogre mage
 14438 | D:13     | Noticed a five-headed hydra
 14554 | D:13     | Noticed a centaur warrior
 14561 | D:13     | Killed a centaur warrior
 14562 | D:13     | Noticed a rakshasa
 15030 | D:13     | Killed an ogre mage
 15030 | D:13     | Reached skill level 15 in Dodging
 15086 | D:13     | Noticed a two-headed ogre
 15155 | D:12     | Learned a level 3 spell: Confuse
 15217 | D:13     | Noticed Frances
 15238 | D:13     | Noticed a centaur warrior
 15596 | D:13     | Noticed a death knight
 15725 | Lair:1   | Entered Level 1 of the Lair of Beasts
 15726 | Lair:1   | Reached skill level 15 in Stealth
 15898 | Lair:1   | Reached skill level 1 in Hexes
 16021 | Lair:1   | Reached ****** piety under Okawaru
 16614 | Lair:1   | Reached XP level 13. HP: 60/63 MP: 19/21
 16630 | Lair:1   | Received a gift from Okawaru
 17128 | Lair:2   | Found a staircase to the Shoals.
 17640 | Lair:3   | Received a gift from Okawaru
 17640 | Lair:3   | Reached skill level 5 in Hexes
 17887 | Lair:3   | Learned a level 2 spell: Slow
 17893 | Lair:3   | Learned a level 5 spell: Metabolic Englaciation
 17922 | Lair:3   | Found a staircase to the Snake Pit.
 18364 | Lair:4   | Reached skill level 5 in Armour
 18504 | Lair:4   | Reached skill level 16 in Dodging
 19091 | Lair:4   | Reached skill level 5 in Spellcasting
 19142 | Lair:4   | Reached skill level 1 in Ice Magic
 20354 | Lair:5   | Noticed Josephine
 20495 | Lair:4   | Killed Josephine
 20708 | Lair:4   | Received a gift from Okawaru
 20736 | Lair:4   | Got steaming swamp dragon scales {god gift}
 20747 | Lair:4   | Identified the +3 swamp dragon scales of Veyr {rPois rF+
                  | Int+3} (Okawaru gifted it to you on level 4 of the Lair of
                  | Beasts)
 20988 | Lair:5   | Found a staircase to the Slime Pits.
 21343 | Lair:6   | Entered Level 6 of the Lair of Beasts
 21523 | Lair:6   | Reached XP level 14. HP: 64/68 MP: 22/22
 21674 | Lair:6   | Noticed an entropy weaver
 22061 | Lair:6   | Noticed an entropy weaver
 22472 | Lair:5   | Killed an entropy weaver
 22472 | Lair:5   | Reached skill level 5 in Ice Magic
 23181 | Lair:6   | Found a runed translucent door.
 23509 | Lair:5   | Killed an entropy weaver
 24540 | Lair:6   | Noticed vev's ghost (journeyman KoEE)
 24757 | Lair:6   | Received a gift from Okawaru
 25062 | Lair:6   | Slain by a dire elephant

Skill      XL: |  1  2  3  4  5  6  7  8  9 10 11 12 13 14 |
---------------+-------------------------------------------+-----
Dodging        | 2 3 5 10 13 14 15 16 | 16.6
Short Blades   | 3 4 5 7 9 10 | 10.8
Fighting       | 2 3 5 6 |  6.3
Stealth        | 7 11 13 15 | 15.0
Invocations    | 6 |  6.6
Spellcasting   | 2 5 6 |  6.6
Evocations     | 9 10 | 10.0
Armour         | 4 5 6 |  6.7
Hexes          | 4 8 |  8.0
Ice Magic      | 3 5 |  5.0
Throwing       | |  2.0

Action                   |  1- 3 |  4- 6 |  7- 9 | 10-12 | 13-15 || total
-------------------------+-------+-------+-------+-------+-------++-------
Melee: Dagger            |   129 |   113 |    76 |       |    85 ||   403
       Rapier            |       |       |   488 |   265 |   444 ||  1197
       Unarmed           |       |       |     1 |       |       ||     1
       Quick blade       |       |       |       |   969 |  1806 ||  2775
 Fire: Blowgun           |    10 |    17 |    33 |    75 |    19 ||   154
Throw: Throwing net      |       |       |       |     6 |     6 ||    12
Evoke: Wand              |       |       |       |       |     1 ||     1
  Use: Potion            |       |       |     2 |       |     7 ||     9
       Scroll            |       |       |     7 |    10 |     9 ||    26
 Stab: Sleeping          |     9 |    10 |    13 |    55 |    25 ||   112
       Distracted        |       |       |       |     4 |     6 ||    10
       Held in net/web   |       |       |       |     2 |     6 ||     8
  Eat: Ration            |       |       |     3 |     4 |     7 ||    14
Armor: Robe              |    20 |    10 |    17 |     2 |     1 ||    50
       Swamp dragon scal |       |       |       |    54 |   217 ||   271
Dodge: Dodged            |   120 |    75 |   350 |   588 |  1702 ||  2835
